 Dungeon Crawl Stone Soup version 0.29.1-14-g9c671dbff4 (webtiles) character file.

Game seed: 9015224883215252458

4316 TheIncel the Ruffian (level 10, -4/94 HPs)
             Began as a Troll Fighter on Feb 14, 2023.
             Was a Priest of Fedhas.
             Slain by a deep troll (9 damage)
             ... on level 9 of the Dungeon.
             The game lasted 00:25:22 (4441 turns).

TheIncel the Ruffian (Troll Fighter)                Turns: 4441, Time: 00:25:23

Health: -4/94      AC: 10    Str: 26    XL:     10   Next: 11%
Magic:  9/12       EV: 11    Int: 12    God:    Fedhas [***...]
Gold:   421        SH:  0    Dex: 11    Spells: 9/13 levels left

rFire   . . .      SeeInvis .   w - +0 giant spiked club (chaos)
rCold   . . .      Faith    .   (shield currently unavailable)
rNeg    . . .      Spirit   .   a - +0 robe
rPois   .          Reflect  .   l - +2 hat
rElec   .          Harm     .   (no cloak)
rCorr   .          Rampage  .   (gloves unavailable)
Will    .....                   (boots unavailable)
Stlth   ++........              (no amulet)
HPRegen 1.05/turn               m - +6 ring of intelligence
MPRegen 0.13/turn               q - +4 ring of protection

@: no status effects
A: large, unfitting armour, claws 3, regeneration 1, shaggy fur 1, tough skin 1
a: Renounce Religion, Wall of Briars, Grow Ballistomycete


You were on level 9 of the Dungeon.
You worshipped Fedhas.
Fedhas was most pleased with you.
You visited 1 branch of the dungeon, and saw 8 of its levels.

You collected 563 gold pieces.
You spent 142 gold pieces at shops.

Inventory:

Hand Weapons
 p - a +2 sling of flaming
 w - a +0 giant spiked club of chaos (weapon)
Armour
 a - a +0 robe (worn)
 b - a +0 kite shield
 l - a +2 hat (worn)
Jewellery
 m - a +6 ring of intelligence (left claw)
 q - a +4 ring of protection (right claw)
Wands
 x - a wand of mindburst (1)
Scrolls
 d - a scroll of immolation
 g - a scroll of silence
 n - 4 scrolls of fog
Potions
 c - 2 potions of might
 f - a potion of resistance {unknown}
 h - 2 potions of ambrosia {unknown}
 i - a potion of mutation {unknown}
 o - a potion of haste {unknown}
 r - a potion of magic {unknown}
 s - 2 potions of flight {unknown}
 z - a potion of curing {unknown}


   Skills:
 * Level 4.3 Fighting
 * Level 4.1 Maces & Flails
 * Level 2.5 Ranged Weapons
 * Level 3.4 Throwing
 * Level 3.0 Armour
 * Level 5.1 Dodging
 * Level 2.3 Stealth
 + Level 3.0 Shields
 * Level 5.3 Unarmed Combat
 * Level 2.0 Spellcasting
 * Level 2.3 Ice Magic
 * Level 3.1 Invocations
 * Level 2.4 Evocations


You had 9 spell levels left.
You knew the following spells:

 Your Spells              Type           Power      Damage    Failure   Level
a - Freeze                Ice            24%        1d5       11%         1
b - Frozen Ramparts       Ice            12%        1d2       30%         3

Your spell library contained the following spells:

 Spells                   Type           Power      Damage    Failure   Level
 Blink                    Tloc           2%         N/A       38%         2
 Sublimation of Blood     Necr           1%         N/A       38%         2
 Lesser Beckoning         Tloc           1%         N/A       63%         3
 Hailstorm                Conj/Ice       4%         3d4       86%         4
 Petrify                  Tmut/Erth      1%         N/A       95%         4
 Irradiate                Conj/Tmut      0%         3d11      100%        5
 Manifold Assault         Tloc           1%         N/A       100%        5


Dungeon Overview and Level Annotations

Branches:
Dungeon (10/15)            Temple (0/1) D:5
   Lair: D:8-11         Orc: D:9-12

Altars:
Dithmenos
Elyvilon
Fedhas
Hepliaklqana
Kikubaaqudgha
Okawaru
Sif Muna
Uskayaw
Vehumet
Xom
Yredelemnul
The Shining One

Shops:
D:9 *[


Innate Abilities, Weirdness & Mutations

You are too large for most types of armour.
You have claws for hands.
Your natural rate of healing is unusually fast.
You are covered in fur. (AC +1)
You have tough skin. (AC +1)


Message History

You bludgeon the troll!! You freeze the troll.
The troll is almost dead.
The troll bites you but does no damage. The troll closely misses you.
The troll barely misses you. The troll bites you but does no damage.
The troll claws you but does no damage. x2
You barely miss the troll.
The troll is almost dead.
The troll bites you but does no damage. The troll misses you.
The troll claws you.
You sock the troll! You burn the troll.
You kill the troll!
Fedhas appreciates your contribution to the ecosystem.
The troll leather armour is intact enough to wear.
The deep troll misses you. The deep troll closely misses you.
The deep troll claws you! The deep troll bites you!
The deep troll barely misses you. The deep troll claws you!
* * * LOW HITPOINT WARNING * * *
Your Spellcasting skill increases to level 2!
The deep troll attacks as you move away!
The deep troll bites you but does no damage.
The deep troll claws you.
* * * LOW HITPOINT WARNING * * *
The deep troll barely misses you.
Your briar patch disappears in a puff of smoke!
Things that are here:
a +0 troll leather armour; a troll corpse You walk carefully through the plants.
The deep troll attacks as you move away!
The deep troll closely misses you. The deep troll claws you.
* * * LOW HITPOINT WARNING * * *
The deep troll claws you.
* * * LOW HITPOINT WARNING * * *
Your briar patch disappears in a puff of smoke!
You see here 7 stones.
The deep troll bites you but does no damage.
The deep troll claws you!
* * * LOW HITPOINT WARNING * * *
The deep troll claws you!
You die...
Fedhas appreciates your contribution to the ecosystem.

#.............÷..).≈≈#T.#≈
##........#####.[†.≈≈#?.#≈
#.......## ##)...≈≈####≈
*#.......## ##.....≈≈≈≈≈≈≈
*#.###.....###......≈≈≈≈≈≈~
#.** ##..#.##.......≈≈≈≈≈≈~
#** #.......##...[≈≈≈≈≈≈~
##..P...##.....≈≈≈≈≈~
#..@TP###.....≈≈≈≈≈~
#..§P.........≈≈≈≈≈~
######....[..#######≈≈≈≈~
#.......###..# *≈≈≈≈~
*#..(..### ##.# **≈≈~~
*#.#....# #.## ****~
*,*####.# ##.#*### ** **,*
##.######..##..# *,
*,*##.............#* *,


You could see a deep troll (ally target).

Vanquished Creatures
  Lodul (D:10)
  A kobold demonologist (D:10)
  4 trolls (D:9)
  Sigmund (D:2)
  2 yaks (D:9)
  2 vampire mosquitoes (D:10)
  An acid dragon (D:10)
  An orc warrior (D:5)
  A black bear (D:5)
  10 ogres
  A phantom (D:5)
  A kobold brigand (D:6)
  A scorpion (D:5)
  A howler monkey (D:5)
  3 hounds (D:5)
  2 jellies (D:5)
  2 orc priests
  3 iguanas
  3 orc wizards
  2 gnolls (D:9)
  5 adders
  A white imp (D:5)
  An ufetubus (D:4)
  A worm (D:2)
  15 orcs
  5 ball pythons
  7 endoplasms
  7 goblins
  6 hobgoblins
  7 quokkas
  4 bats
  3 frilled lizards
  11 kobolds
  3 rats
119 creatures vanquished.

Vanquished Creatures (collateral kills)
  A vampire mosquito (D:10)
1 creature vanquished.

Grand Total: 120 creatures vanquished

Notes
Turn   | Place    | Note
-------+----------+-------------------------------------------
     0 | D:1      | TheIncel the Troll Fighter began the quest for the Orb.
     0 | D:1      | Reached XP level 1. HP: 22/22 MP: 0/0
   247 | D:1      | Reached XP level 2. HP: 29/29 MP: 1/1
   483 | D:2      | Found a blossoming altar of Fedhas.
   498 | D:2      | Became a worshipper of Fedhas Madash
   525 | D:2      | Noticed Sigmund
   545 | D:2      | Killed Sigmund
   546 | D:2      | Reached skill level 1 in Throwing
   546 | D:2      | Reached skill level 1 in Armour
   546 | D:2      | Reached XP level 3. HP: 10/37 MP: 2/2
   546 | D:2      | Reached XP level 4. HP: 12/45 MP: 3/3
   546 | D:2      | Reached XP level 5. HP: 14/53 MP: 4/4
   855 | D:1      | Learned a level 1 spell: Freeze
  1469 | D:3      | Reached * piety under Fedhas
  1594 | D:3      | Reached XP level 6. HP: 57/61 MP: 5/5
  2236 | D:4      | Found a radiant altar of Vehumet.
  2237 | D:4      | Found a white marble altar of Elyvilon.
  2237 | D:4      | Found a hide-covered altar of Uskayaw.
  2238 | D:4      | Found a shadowy altar of Dithmenos.
  2239 | D:4      | Found a glowing golden altar of the Shining One.
  2239 | D:4      | Found a shimmering altar of Xom.
  2255 | D:4      | Found a hazy altar of Hepliaklqana.
  2256 | D:4      | Found a basalt altar of Yredelemnul.
  2256 | D:4      | Found a shimmering blue altar of Sif Muna.
  2257 | D:4      | Found an ancient bone altar of Kikubaaqudgha.
  2811 | D:5      | Entered Level 5 of the Dungeon
  2818 | D:5      | Noticed an orc warrior
  2828 | D:5      | Killed an orc warrior
  2828 | D:5      | Reached ** piety under Fedhas
  2829 | D:5      | Reached skill level 1 in Stealth
  2909 | D:5      | Reached XP level 7. HP: 67/67 MP: 6/6
  2978 | D:5      | Found a staircase to the Ecumenical Temple.
  3039 | D:5      | Reached skill level 1 in Ice Magic
  3043 | D:5      | Learned a level 3 spell: Frozen Ramparts
  3117 | D:5      | Reached skill level 1 in Invocations
  3126 | D:5      | Reached skill level 1 in Ranged Weapons
  3244 | D:5      | Reached skill level 1 in Evocations
  3701 | D:6      | Found an iron altar of Okawaru.
  3812 | D:6      | Reached skill level 1 in Spellcasting
  3812 | D:6      | Reached XP level 8. HP: 56/75 MP: 8/8
  4053 | D:6      | You fall into a shaft and drop 3 floors!
  4053 | D:9      | Found Efenlunu's Assorted Antiques.
  4065 | D:9      | Bought a jewelled ivory wand for 72 gold pieces
  4065 | D:9      | Bought a fuming yellow potion for 16 gold pieces
  4065 | D:9      | Bought a scroll labelled KIFORIF FASI for 18 gold pieces
  4065 | D:9      | Bought a scroll of identify for 36 gold pieces
  4111 | D:9      | Reached skill level 1 in Maces & Flails
  4128 | D:9      | Noticed a troll
  4128 | D:9      | Noticed a troll
  4128 | D:9      | Noticed a troll
  4128 | D:9      | Noticed a troll
  4133 | D:9      | HP: 2/78 [troll (5)]
  4143 | D:10     | Entered Level 10 of the Dungeon
  4187 | D:10     | Noticed Lodul
  4189 | D:10     | Killed Lodul
  4189 | D:10     | Reached *** piety under Fedhas
  4190 | D:10     | Reached skill level 5 in Unarmed Combat
  4190 | D:10     | Reached XP level 9. HP: 78/84 MP: 8/10
  4265 | D:10     | Noticed a kobold demonologist
  4274 | D:10     | Killed a kobold demonologist
  4297 | D:9      | Found Fateheoq's Armour Emporium.
  4323 | D:9      | Noticed a deep troll
  4324 | D:9      | Noticed a troll
  4412 | D:9      | Killed a troll
  4413 | D:9      | Reached skill level 5 in Dodging
  4421 | D:9      | Killed a troll
  4428 | D:9      | Killed a troll
  4429 | D:9      | Reached XP level 10. HP: 93/93 MP: 7/11
  4441 | D:9      | Slain by a deep troll

Illustrated notes

Levels and vault maps discovered:
D:1:      mainiacjoe_arrival_reflecting_pool, layout_basic
D:2:      layout_rooms, basic_altar, uniq_sigmund
D:3:      layout_rooms, minivault_24
D:4:      layout_loops_ring, nicolae_overflows_in_rows
D:5:      layout_loops_cross, minmay_temple_entry_statues_fountains,
          amcnicky_mini_pool_small, kennysheep_generic_room_2
D:6:      layout_layer_cave, mainiacjoe_overflow_brackets
D:9:      lemuel_troll_bridge, layout_layer_cave, fedhas_ov_isle_minmay,
          serial_shops, nicolae_shop_statue_plus, nicolae_shop_trees
D:10:     layout_rooms, lair_entry_dummy, uniq_urug, uniq_lodul

Skill      XL: |  1  2  3  4  5  6  7  8  9 10 |
---------------+-------------------------------+-----
Fighting       | 3 4 |  4.3
Throwing       | 1 2 3 |  3.4
Armour         | 1 2 3 |  3.0
Dodging        | 3 4 5 |  5.1
Shields        | 3 |  3.0
Unarmed Combat | 3 4 5 |  5.3
Stealth        | 1 2 |  2.3
Ice Magic      | 1 2 |  2.3
Invocations    | 1 2 3 |  3.1
Ranged Weapons | 1 2 |  2.5
Evocations     | 1 2 |  2.4
Spellcasting   | 1 2 |  2.0
Maces & Flails | 2 4 |  4.1

Action                   |  1- 3 |  4- 6 |  7- 9 | 10-12 || total
-------------------------+-------+-------+-------+-------++-------
Melee: Unarmed           |    61 |   124 |    67 |       ||   252
       Giant spiked club |       |       |    34 |     6 ||    40
 Fire: Sling             |       |    16 |    26 |       ||    42
Throw: Throwing net      |     1 |       |     1 |       ||     2
       Boomerang         |       |       |     2 |       ||     2
 Cast: Freeze            |       |     9 |    10 |       ||    19
Invok: Wall of Briars    |       |       |     2 |       ||     2
Evoke: Wand              |       |       |    13 |       ||    13
  Use: Scroll            |     1 |     5 |    10 |       ||    16
       Potion            |       |     1 |     3 |       ||     4
Armor: Robe              |    16 |    58 |    85 |    10 ||   169
Dodge: Dodged            |    21 |    79 |   101 |    15 ||   216
